 Dungeon Crawl Stone Soup version 0.31-a0-1204-ge2c1a860ed (webtiles) character file.

Game seed: 13918037467024316085

140522 Jeffwins the Summoner (level 17, -1/97 HPs)
             Began as a Tengu Summoner on Dec 13, 2023.
             Was the Champion of Vehumet.
             Slain by Frances
             ... wielding a +0 dire flail
              (26 damage)
             ... on level 2 of the Swamp.
             The game lasted 01:28:18 (29470 turns).

Jeffwins the Summoner (Tengu Summoner)             Turns: 29470, Time: 01:28:18

Health: -1/97      AC: 16    Str: 10    XL:     17   Next: 31%
Magic:  1/32       EV: 24    Int: 23    God:    Vehumet [******]
Gold:   2048       SH:  0    Dex: 14    Spells: 3/37 levels left

rFire   + . .        a - +0 demon trident (venom)
rCold   + . .        (no shield)
rNeg    . . .        V - +3 leather armour {rF+}
rPois   .            (helmet restricted)
rElec   .            Z - +2 cloak {rC+}
rCorr   .            z - +2 pair of gloves
SInv    .            (boots unavailable)
Will    +....        g - amulet of regeneration
Stlth   +++          O - +4 ring of protection
HPRegen 1.16/turn    E - +5 ring of evasion
MPRegen 0.23/turn

%: acrobat
@: flying, slowed, very slow
A: beak, talons 3, evasive flight, acrobatic
a: Renounce Religion


You were on level 2 of the Swamp.
You worshipped Vehumet.
Vehumet was exalted by your worship.
You visited 5 branches of the dungeon, and saw 25 of its levels.
You also visited: Gauntlet, Ice Cave and Volcano.

You collected 3943 gold pieces.
You spent 1895 gold pieces at shops.


Innate Abilities, Weirdness & Mutations

You have a beak for a mouth.
You have claws for feet.
Your magical flight helps you evade attacks. (EV +4)
You can magically evade attacks while moving or waiting.


   Skills:
 + Level 7.7 Fighting
 * Level 7.4 Polearms
 - Level 6.0 Throwing
 + Level 8.9 Dodging
 - Level 5.0 Stealth
 + Level 4.0 Shields
 * Level 10.5 Spellcasting
 - Level 10.0 Conjurations
 * Level 14.0 Summonings
 * Level 10.5 Necromancy
 - Level 8.0 Translocations
 * Level 4.4 Transmutations
 * Level 6.1 Fire Magic
 * Level 7.1 Ice Magic
 * Level 10.4 Air Magic
 * Level 5.3 Poison Magic
 + Level 7.3 Evocations


You had 3 spell levels left.
You knew the following spells:

 Your Spells              Type           Power      Damage    Failure   Level
c - Summon Cactus Giant   Summ           33%        N/A       3%          6
d - Freezing Cloud        Conj/Ice/Air   26%        6-21      1%          5
f - Summon Forest         Summ/Tloc      29%        N/A       2%          5
h - Haunt                 Necr/Summ      31%        N/A       36%         7
v - Ignite Poison         Fire/Tmut/Pois 36%        N/A       1%          3
x - Summon Mana Viper     Hex/Summ       44%        N/A       12%         5
z - Call Canine Familiar  Summ           67%        N/A       1%          3

Your spell library contained the following spells:

 Spells                   Type           Power      Damage    Failure   Level
 Iskenderun's Battlesphe  Conj           55%        2d11      1%          5
 Kiss of Death            Conj/Necr      100%       2d13      1%          1
 Necrotise                Necr           100%       1d9       1%          1
 Summon Small Mammal      Summ           100%       N/A       1%          1
 Blink                    Tloc           96%        N/A       1%          2
 Call Imp                 Summ           100%       N/A       1%          2
 Cigotuvi's Dreadful Rot  Necr/Pois/Air  100%       N/A       1%          2
 Lesser Beckoning         Tloc           96%        N/A       1%          2
 Momentum Strike          Conj/Tloc      100%       3d10      1%          2
 Gell's Gravitas          Tloc           48%        N/A       1%          3
 Stone Arrow              Conj/Erth      70%        3d11      1%          3
 Summon Guardian Golem    Hex/Summ       44%        N/A       1%          3
 Teleport Other           Tloc           48%        N/A       1%          3
 Vampiric Draining        Necr           57%        2d10      1%          3
 Sandblast                Erth           24%        2d8       2%          1
 Passwall                 Tmut/Erth      18%        N/A       4%          2
 Slow                     Hex            48%        N/A       8%          1
 Confusing Touch          Hex            12%        N/A       22%         3
 Sigil of Binding         Hex            12%        N/A       22%         3
 Dispel Undead            Necr           57%        3d20      1%          4
 Sticky Flame             Conj/Fire      49%        2d7       1%          4
 Summon Lightning Spire   Summ/Air       62%        N/A       1%          4
 Vhi's Electric Charge    Tloc/Air       100%       N/A       1%          4
 Arcjolt                  Conj/Air       28%        1d38      1%          5
 Brom's Barrelling Bould  Conj/Erth      35%        2d5       2%          4
 Plasma Beam              Fire/Air       25%        2x1d37    11%         6
 Dimensional Bullseye     Hex/Tloc       15%        N/A       14%         4
 Borgnjor's Vile Clutch   Necr/Erth      18%        N/A       24%         5
 Alistair's Intoxication  Tmut/Pois      22%        N/A       26%         5
 Eringya's Noxious Bog    Tmut/Pois      17%        4d6       36%         6
 Dispersal                Tloc           24%        N/A       38%         6
 Leda's Liquefaction      Hex/Erth       6%         N/A       58%         4
 Maxwell's Capacitive Co  Air            28%        ∞         82%         8
 Ignition                 Fire           20%        3d7       100%        8

Inventory:

Hand Weapons
 a - a +0 demon trident of venom (weapon)
Missiles
 A - 26 poisoned darts
 I - 12 curare-tipped darts (quivered) {=f}
Armour
 t - a +2 robe of fire resistance
 z - a +2 pair of gloves (worn)
 G - the +1 ring mail "Udou" {Regen+}
   (You acquired it on level 2 of the Orcish Mines)

   Regen+:    It increases your rate of health regeneration.
 S - a +2 kite shield of cold resistance
 V - a +3 leather armour of fire resistance (worn)
 Z - a +2 cloak of cold resistance (worn)
Jewellery
 b - the ring "Jyfel" {rF++ rN+ SInv}
   (You found it in a Gauntlet)

   [ring of see invisible]

   rF++:      It greatly protects you from fire.
   rN+:       It protects you from negative energy.
   SInv:      It lets you see invisible.
 f - a ring of protection from fire
 g - an amulet of regeneration (around neck)
 j - an amulet of magic regeneration
 C - a ring of protection from cold
 E - a +5 ring of evasion (right hand)
 L - an amulet of reflection
 O - a +4 ring of protection (left hand)
 P - a ring of poison resistance
 R - a ring of resist corrosion
Wands
 p - a wand of iceblast (12)
 u - a wand of polymorph (16)
 v - a wand of digging (11)
 y - a wand of charming (22)
 K - a wand of acid (4)
 M - a wand of flame (35)
Scrolls
 e - 4 scrolls of enchant weapon
 h - 9 scrolls of immolation {!r}
 k - 3 scrolls of amnesia
 n - 3 scrolls of silence {!r}
 w - 4 scrolls of revelation
 B - 4 scrolls of vulnerability {!r}
 D - 2 scrolls of poison {!r}
 F - 2 scrolls of butterflies
 N - a scroll of fear
 Q - 3 scrolls of teleportation {@r4}
 T - 4 scrolls of fog
 W - a scroll of torment {!r}
Potions
 d - 2 potions of ambrosia
 i - 7 potions of heal wounds {@q2}
 l - 4 potions of brilliance
 m - 2 potions of cancellation
 q - 4 potions of magic
 r - 7 potions of haste {@q3}
 s - 4 potions of invisibility
 x - 6 potions of enlightenment
 H - 9 potions of curing {@q1}
 J - a potion of berserk rage {!q}
 U - a potion of might
 X - a potion of mutation {!q}
 Y - 2 potions of resistance

Dungeon Overview and Level Annotations

Branches:
Dungeon (15/15)            Temple (1/1) D:5            Lair (5/5) D:8
  Swamp (2/4) Lair:2       Spider (0/4) Lair:3        Slime (0/5) Lair:5
    Orc (2/2) D:11            Elf (0/3) Orc:2        Vaults (0/5) D:14
 Depths (0/4) D:15          IceCv (visited)         Volcano (visited)
Gauntlet (visited)

Altars:
Ashenzari
Cheibriados
Dithmenos
Elyvilon
Fedhas
Gozag
Hepliaklqana
Kikubaaqudgha
Makhleb
Nemelex Xobeh
Okawaru
Qazlal
Ru
Sif Muna
Trog
Uskayaw
Vehumet
Wu Jian
Xom
Yredelemnul
Zin
The Shining One
Jiyva

Shops:
Orc:2 (?!(

Annotations:
D:8 2 transporters, hgbash's ghost, novice TrFi
Swamp:2 Frances

.~.~.♣ ..~..♣ ♣♣
♣~~~~♣♣ .♣
♣~~~~.♣♣ ~~
♣.~♣~~~ ~♣
♣♣.....♣ .♣
♣♣..~~♣.♣♣ ♣♣~♣♣
♣~~~.~~..♣ ♣@~~♣
♣~~~~.~~~♣♣
♣♣@S♣♣♣♣.~~.♣...~♣
♣.~♣♣~~§.♣♣.~~~♣
♣W~...~..♣♣~~~~.
♣~~~♣~~.♣♣♣♣..~.
♣~W.☼§§♣♣ ♣♣..~
♣~.☼§☼§~♣♣♣♣♣♣~~
♣..♣§§§~.n4♣♣♣n.
♣.♣♣♣~~~@..~♣.♣?


You could see Frances (fast, very poisoned, ally target, magic disrupted), a
friendly mana viper (summoned), a friendly freezing wraith (summoned) and a
friendly wraith (summoned).


Message History

Aiming: Corrosive Bolt
Press: ? - help, Shift-Dir - straight line, f - Frances
Aim: Frances, wielding a +0 dire flail and wearing a +0 chain mail (heavily wounded, fast, 81% to hit)
The bolt of acid hits the sixfirhy!
You kill the sixfirhy!
The sixfirhy disappears in a puff of smoke!
The bolt of acid hits Frances!!
Frances is severely wounded.
Unknown command.
Unknown command.
Casting: Summon Mana Viper (dangerous; 12% risk of failure)
Confirm with . or Enter, or press ? or * to list all spells.
Okay, then.
Casting: Summon Mana Viper (dangerous; 12% risk of failure)
Confirm with . or Enter, or press ? or * to list all spells.
Aiming: Haunt (quite dangerous; 36% risk of failure)
Press: ? - help, Dir - move target, f/p - Frances
Aim: Frances, wielding a +0 dire flail and wearing a +0 chain mail (severely wounded, fast, ally target) Insubstantial figures form in the air.
Your mana viper splashes around in the water.
Unknown command.
Unknown command.
You hit Frances.
Frances is poisoned.
You peck Frances, but do no damage.
Frances is severely wounded.
Frances chants phrases taken from a devil's mouth.
The shard of ice hits you!! You partially resist.
* * * LOW HITPOINT WARNING * * *
Your mana viper bites Frances.
Frances's magic leaks into the air.
Frances hits you with a +0 dire flail!!
You die...

Skill      XL: |  1  2  3  4  5  6  7  8  9 10 11 12 13 14 15 16 17 |
---------------+----------------------------------------------------+-----
Summonings     | 5 6 7 8 9 10 11 12 13 14 | 14.0
Fighting       | 1 2 3 4 5 6 7 |  7.7
Spellcasting   | 3 4 5 6 7 8 9 10 | 10.5
Dodging        | 3 4 5 6 7 8 |  8.9
Stealth        | 3 4 5 |  5.0
Evocations     | 1 2 3 4 5 6 7 |  7.3
Translocations | 1 3 4 5 6 7 8 |  8.0
Necromancy     | 3 4 6 7 8 9 10 | 10.5
Throwing       | 2 3 4 5 6 |  6.0
Conjurations   | 3 5 7 8 9 10 | 10.0
Air Magic      | 3 5 7 8 9 10 | 10.4
Ice Magic      | 2 3 4 5 6 7 |  7.1
Polearms       | 2 4 5 7 |  7.4
Poison Magic   | 2 3 5 |  5.3
Shields        | 1 3 4 |  4.0
Fire Magic     | 2 4 5 6 |  6.1
Transmutations | 1 3 4 |  4.4

Action                     |  1- 3 |  4- 6 |  7- 9 | 10-12 | 13-15 | 16-18 || total
---------------------------+-------+-------+-------+-------+-------+-------++-------
  Melee: Short sword       |    19 |       |       |       |       |       ||    19
         Unarmed           |     7 |       |       |       |       |       ||     7
         Kick              |    17 |    17 |    92 |    86 |   266 |   137 ||   615
         Peck              |    11 |    16 |    65 |    58 |   173 |    92 ||   415
         Whip              |    51 |    94 |       |       |       |       ||   145
         Club              |       |     8 |   251 |    33 |       |       ||   292
         Punch             |       |       |     1 |     2 |    15 |     3 ||    21
         Demon trident     |       |       |       |   263 |   704 |   385 ||  1352
         Demon blade       |       |       |       |       |    21 |       ||    21
         Double sword      |       |       |       |       |     4 |       ||     4
  Throw: Dart              |       |       |       |     1 |     5 |     1 ||     7
   Cast: Summon Small Mamm |     3 |       |       |     1 |       |       ||     4
         Call Imp          |     2 |     7 |    23 |    57 |    42 |       ||   131
         Call Canine Famil |       |     5 |    27 |    59 |    56 |    27 ||   174
         Summon Forest     |       |       |       |    31 |    25 |     5 ||    61
         Summon Cactus Gia |       |       |       |       |    46 |    38 ||    84
         Ignite Poison     |       |       |       |       |    39 |    33 ||    72
         Freezing Cloud    |       |       |       |       |    52 |    56 ||   108
         Summon Mana Viper |       |       |       |       |       |    25 ||    25
         Haunt             |       |       |       |       |       |     3 ||     3
  Evoke: Wand              |       |       |       |     6 |    16 |    11 ||    33
    Use: Scroll            |       |       |     8 |     5 |    23 |     9 ||    45
         Potion            |       |       |       |     2 |     5 |     1 ||     8
   Stab: Sleeping          |     7 |     4 |     5 |     2 |    12 |     2 ||    32
         Distracted        |       |     2 |     6 |     6 |    11 |     2 ||    27
 Armour: Robe              |    42 |    53 |    76 |   143 |   131 |       ||   445
         Skin              |       |       |       |     3 |       |       ||     3
         Leather armour    |       |       |       |       |   233 |   220 ||   453
  Dodge: Dodged            |    78 |    86 |   315 |   334 |   889 |   444 ||  2146

Levels and vault maps discovered:
D:1:      dpeg_arrival_yet_another_circle, layout_basic, hangedman_decor_lopped,
          hangedman_decor_points, chequers_serial_rivers_micro_a
D:2:      layout_loops_cross
D:3:      layout_basic, nicolae_uskayaw_suspiria, gammafunk_ghost_cemetery
D:4:      layout_gridville, kennysheep_big_empty_room, uniq_ijyb
D:5:      cheibrodos_barr_body, layout_rooms, minmay_temple_entry_statues,
          serial_co_window_serial, co_window_paths_b, co_window_paths_a,
          co_window_paths_b, co_window_corner_a, co_window_corner_a,
          co_window_broadway_b, co_window_broadway_a, co_window_corner_cb,
          glass_columns_c, kennysheep_generic_room_12
D:6:      layout_loops_ring, minmay_quadrilaterals, uniq_crazy_yiuf_cottage,
          uniq_edmund
D:7:      layout_loops_corners, uniq_menkaure
D:8:      layout_loops_corners, nicolae_ru_awakened_eye,
          mainiacjoe_overflow_big_doors, dpeg_lair_monsters,
          gammafunk_ghost_wrathful_warriors, uniq_prince_ribbit1
D:9:      layout_grid_maze
D:10:     layout_rooms, fedhas_altar_1, marbit_many_paths,
          chequers_serial_rivers_small_3, uniq_gastronok, uniq_psyche,
          uniq_lodul
D:11:     layout_gridville, david_orc_4
D:12:     layout_cave_pools, hangedman_stone_soup, minmay_misc_feat_columns,
          small_statue_alley_a
D:13:     layout_rooms, roderic_roman_lattice, roderic_lattice_a,
          kennysheep_generic_room_15
D:14:     layout_cave_pods, david_vaults_5, uniq_rupert
D:15:     grunt_enter_depths_hoard, layout_rooms, reono_crystal_passage,
          gauntlet_entry_generic
Temple:   compressed_dpeg_triangle_lava_temple
Lair:1:   wad_woods_structure_01, layout_regular_city, serial_bayou_pond_a,
          nicolae_lair_lil_pond, nicolae_lair_run_with_the_wolves, uniq_urug
Lair:2:   layout_roguey, nicolae_swamp_entry_spooky, beast_lair_carwin_8
Lair:3:   layout_small_grid, nicolae_spider_entry_tight_spaces, enter_volcano_3,
          basic_altar, portal_ice_cave_entry_pillars_2, grunt_megastairs_5
Lair:4:   layout_cave_pods, dpeg_oklob_1, grunt_megastairs_4, uniq_sonja
Lair:5:   hangedman_lair_caniforms_friends, layout_loops_ring,
          guppyfry_lair_end_dragon, minmay_slime_entry_oklob_open,
          pdpol_lair_cavern_descent
Swamp:1:  layout_basic_swamp, evilmike_swamp_ruin_house_2, swamp_pool_1_2,
          st_shrine_of_shade, uniq_kirke
Swamp:2:  layout_falls_marsh, infiniplex_staircase_pool, uniq_frances
Orc:1:    nicolae_orc_accident_1, layout_diamond_mine
Orc:2:    st_orc_pillars, layout_caves

Notes
Turn   | Place    | Note
-------+----------+-------------------------------------------
     0 | D:1      | Jeffwins the Tengu Summoner began the quest for the Orb.
     0 | D:1      | Reached XP level 1. HP: 10/10 MP: 4/4
   202 | D:1      | Reached skill level 5 in Summonings
   202 | D:1      | Reached XP level 2. HP: 8/15 MP: 4/6
   206 | D:1      | Learned a level 2 spell: Call Imp
   557 | D:1      | Got Wiginn's Compendium of Correspondence and Exhumation
   795 | D:2      | Reached XP level 3. HP: 20/20 MP: 7/7
   848 | D:2      | Reached skill level 1 in Fighting
  1047 | D:2      | Learned a level 3 spell: Call Canine Familiar
  1216 | D:2      | Reached XP level 4. HP: 23/23 MP: 8/8
  1691 | D:3      | Reached XP level 5. HP: 25/29 MP: 10/10
  1794 | D:3      | Found a hide-covered altar of Uskayaw.
  1843 | D:3      | Found a runed translucent gate.
  1843 | D:3      | Found a runed translucent gate.
  1843 | D:3      | Found a runed translucent gate.
  1843 | D:3      | Noticed wildpjah's ghost (amateur MiFi)
  1843 | D:3      | Noticed chickenman's ghost (weakling TrFi)
  2214 | D:4      | Reached skill level 3 in Spellcasting
  2358 | D:4      | Reached skill level 3 in Dodging
  2384 | D:4      | Noticed a phantom
  2392 | D:4      | Killed a phantom
  2393 | D:4      | Reached skill level 2 in Fighting
  2393 | D:4      | Reached skill level 3 in Stealth
  2393 | D:4      | Reached skill level 6 in Summonings
  2393 | D:4      | Reached XP level 6. HP: 35/35 MP: 9/12
  2419 | D:4      | Reached skill level 1 in Evocations
  2474 | D:4      | Learned a level 5 spell: Summon Forest
  2581 | D:4      | Noticed Ijyb
  2591 | D:4      | Killed Ijyb
  2693 | D:4      | Noticed a black bear
  2702 | D:4      | Killed a black bear
  2703 | D:4      | Gained mutation: Your magical flight helps you evade
                  | attacks. (EV +4) [Tengu growth]
  2703 | D:4      | Reached XP level 7. HP: 34/40 MP: 11/13
  2869 | D:4      | Reached skill level 1 in Translocations
  2959 | D:5      | Entered Level 5 of the Dungeon
  3083 | D:5      | Reached skill level 4 in Spellcasting
  3101 | D:5      | Found a staircase to the Ecumenical Temple.
  3257 | D:5      | Reached skill level 7 in Summonings
  3512 | D:5      | Reached skill level 4 in Dodging
  3512 | D:5      | Reached XP level 8. HP: 36/45 MP: 15/15
  3621 | D:5      | Reached skill level 2 in Evocations
  3678 | D:5      | Reached skill level 2 in Translocations
  3881 | D:5      | Reached skill level 3 in Fighting
  3899 | D:5      | Reached skill level 4 in Stealth
  4286 | D:6      | Reached skill level 5 in Spellcasting
  4459 | D:6      | Found a runed translucent door.
  4460 | D:6      | Noticed Crazy Yiuf
  4541 | D:6      | Reached skill level 3 in Translocations
  4588 | D:6      | Noticed a wraith
  4600 | D:6      | Killed a wraith
  4601 | D:6      | Reached skill level 8 in Summonings
  4601 | D:6      | Reached XP level 9. HP: 48/51 MP: 14/17
  4617 | D:6      | Noticed Edmund
  4631 | D:6      | Killed Edmund
  4632 | D:6      | Reached skill level 3 in Evocations
  4642 | D:6      | Learned a level 7 spell: Haunt
  5039 | D:6      | Reached skill level 1 in Necromancy
  5244 | D:6      | Killed Crazy Yiuf
  5398 | D:7      | Noticed Menkaure
  5403 | D:7      | Killed Menkaure
  5628 | D:7      | Noticed a two-headed ogre
  5657 | D:7      | Killed a two-headed ogre
  5658 | D:7      | Reached skill level 4 in Fighting
  5658 | D:7      | Reached skill level 5 in Dodging
  5658 | D:7      | Reached skill level 5 in Stealth
  5658 | D:7      | Reached skill level 2 in Necromancy
  5851 | D:7      | Reached skill level 4 in Translocations
  6420 | D:7      | Reached skill level 6 in Spellcasting
  6420 | D:7      | Reached skill level 9 in Summonings
  6420 | D:7      | Reached skill level 3 in Necromancy
  6420 | D:7      | Reached XP level 10. HP: 57/57 MP: 13/20
  6683 | D:3      | Killed wildpjah's ghost
  6684 | D:3      | Killed chickenman's ghost
  7045 | D:8      | Reached skill level 1 in Throwing
  7045 | D:8      | Reached skill level 4 in Evocations
  7171 | D:8      | Found a transporter.
  7181 | D:8      | Noticed a moth of wrath
  7227 | D:8      | Found a bloodstained altar of Trog.
  7234 | D:8      | Found a transporter.
  7237 | D:8      | Noticed hgbash's ghost (novice TrFi)
  7277 | D:8      | Noticed a death yak
  7278 | D:8      | Noticed a death yak
  7319 | D:8      | Killed a death yak
  7320 | D:8      | Reached skill level 4 in Necromancy
  7503 | Temple   | Entered the Ecumenical Temple
  7513 | Temple   | Became a worshipper of Vehumet
  7628 | D:8      | Noticed a death yak
  7683 | D:8      | Killed a death yak
  7746 | D:8      | Noticed Prince Ribbit
  7755 | D:8      | Killed Prince Ribbit
  7756 | D:8      | Reached skill level 6 in Dodging
  7756 | D:8      | Reached skill level 5 in Translocations
  7805 | D:8      | Reached skill level 2 in Throwing
  7879 | D:8      | Found a snail-covered altar of Cheibriados.
  7882 | D:8      | Found a broken altar of Ashenzari.
  7922 | D:8      | Noticed a death yak
  8088 | D:8      | Found a sacrificial altar of Ru.
  8326 | D:8      | Noticed a death yak
  8400 | D:8      | Killed a death yak
  8401 | D:8      | Reached skill level 5 in Fighting
  8401 | D:8      | Reached XP level 11. HP: 63/63 MP: 9/22
  8508 | D:8      | Killed a death yak
  8509 | D:8      | Reached skill level 7 in Spellcasting
  8509 | D:8      | Reached skill level 10 in Summonings
  8509 | D:8      | Reached skill level 5 in Necromancy
  8583 | D:8      | Found a staircase to the Lair.
  8595 | D:8      | Killed a death yak
  8721 | D:9      | Learned a level 5 spell: Freezing Cloud
  9576 | D:9      | Reached skill level 1 in Conjurations
  9576 | D:9      | Reached skill level 1 in Air Magic
  9652 | D:10     | Entered Level 10 of the Dungeon
  9653 | D:10     | Found a blossoming altar of Fedhas.
  9829 | D:10     | Noticed Psyche
  9838 | D:10     | Killed Psyche
  9870 | D:10     | Noticed a two-headed ogre
  9914 | D:10     | Killed a two-headed ogre
  9915 | D:10     | Reached skill level 2 in Conjurations
  9915 | D:10     | Reached skill level 1 in Ice Magic
  9991 | D:10     | Noticed Gastronok
  9999 | D:10     | Killed Gastronok
 10000 | D:10     | Reached skill level 3 in Throwing
 10000 | D:10     | Reached skill level 2 in Air Magic
 10000 | D:10     | Reached skill level 5 in Evocations
 10001 | D:10     | Noticed a two-headed ogre
 10007 | D:10     | Killed a two-headed ogre
 10171 | D:10     | Noticed a two-headed ogre
 10179 | D:10     | Killed a two-headed ogre
 10179 | D:10     | Reached * piety under Vehumet
 10179 | D:10     | Offered knowledge of Freeze by Vehumet.
 10180 | D:10     | Reached skill level 3 in Conjurations
 10180 | D:10     | Reached skill level 2 in Ice Magic
 10180 | D:10     | Reached skill level 3 in Air Magic
 10184 | D:10     | Reached skill level 6 in Necromancy
 10314 | D:10     | Found a burning altar of Makhleb.
 10452 | D:10     | Noticed Lodul
 10466 | D:10     | Killed Lodul
 10467 | D:10     | Reached XP level 12. HP: 68/68 MP: 19/24
 10631 | D:11     | Noticed a boulder beetle
 10637 | D:11     | Reached skill level 6 in Translocations
 10641 | D:11     | Reached skill level 4 in Conjurations
 10788 | D:11     | Found a staircase to the Orcish Mines.
 10899 | D:11     | Offered knowledge of Searing Ray by Vehumet.
 10900 | D:11     | Reached skill level 4 in Air Magic
 10940 | D:11     | Reached ** piety under Vehumet
 11094 | D:11     | Reached skill level 11 in Summonings
 11491 | D:11     | Killed a boulder beetle
 11492 | D:11     | Reached skill level 3 in Ice Magic
 11619 | D:11     | Reached skill level 7 in Dodging
 11914 | D:11     | Reached skill level 8 in Spellcasting
 11992 | D:12     | Noticed a boulder beetle
 12009 | D:12     | Killed a boulder beetle
 12010 | D:12     | Reached skill level 6 in Fighting
 12010 | D:12     | Reached skill level 5 in Conjurations
 12084 | D:12     | Noticed a two-headed ogre
 12090 | D:12     | Killed a two-headed ogre
 12091 | D:12     | Reached skill level 5 in Air Magic
 12388 | D:12     | Offered knowledge of Volatile Blastmotes by Vehumet.
 12663 | Lair:1   | Entered Level 1 of the Lair of Beasts
 12686 | Lair:1   | Reached skill level 7 in Necromancy
 12706 | Lair:1   | Reached *** piety under Vehumet
 12707 | Lair:1   | Reached skill level 4 in Throwing
 12707 | Lair:1   | Reached XP level 13. HP: 74/74 MP: 13/26
 12839 | Lair:1   | Reached skill level 6 in Conjurations
 12989 | Lair:1   | Noticed Urug
 13001 | Lair:1   | Killed Urug
 13151 | Lair:1   | Offered knowledge of Flame Wave by Vehumet.
 13265 | Lair:1   | Reached skill level 4 in Ice Magic
 13370 | Lair:1   | Reached skill level 6 in Air Magic
 13685 | Lair:1   | Learned a level 6 spell: Summon Cactus Giant
 14494 | Lair:2   | Reached skill level 1 in Polearms
 14562 | Lair:2   | Reached **** piety under Vehumet
 14620 | Lair:2   | Reached skill level 7 in Conjurations
 14657 | Lair:2   | Offered knowledge of Inner Flame by Vehumet.
 14690 | Lair:2   | Reached skill level 7 in Translocations
 14893 | Lair:2   | Reached skill level 2 in Polearms
 15050 | Lair:2   | Reached skill level 6 in Evocations
 15421 | Lair:2   | Reached skill level 12 in Summonings
 15698 | Lair:2   | Found a staircase to the Swamp.
 15841 | Lair:3   | Found a frozen archway.
 15904 | Lair:3   | Found a dark tunnel.
 15907 | Lair:3   | Reached skill level 8 in Necromancy
 15925 | Volcano  | Entered a volcano
 15999 | Volcano  | Reached skill level 7 in Air Magic
 16053 | Volcano  | Reached XP level 14. HP: 45/80 MP: 16/27
 16140 | IceCv    | Entered an ice cave
 16165 | IceCv    | Reached skill level 3 in Polearms
 16230 | IceCv    | Reached ***** piety under Vehumet
 16230 | IceCv    | Offered knowledge of Olgreb's Toxic Radiance by Vehumet.
 16304 | IceCv    | Reached skill level 9 in Spellcasting
 16313 | IceCv    | HP: 6/80 [three-headed hydra simulacrum (13)]
 16487 | IceCv    | Reached skill level 5 in Ice Magic
 16543 | IceCv    | Reached skill level 8 in Conjurations
 16878 | Lair:3   | Learned a level 3 spell: Ignite Poison
 17056 | Lair:3   | Found a shimmering blue altar of Sif Muna.
 17151 | Lair:3   | Found a hole to the Spider Nest.
 17772 | Lair:3   | Reached skill level 5 in Throwing
 17844 | Lair:3   | Reached skill level 1 in Poison Magic
 18047 | Lair:4   | Noticed Sonja
 18051 | Lair:4   | Killed Sonja
 18054 | Lair:4   | Reached skill level 1 in Shields
 18055 | Lair:4   | Reached skill level 1 in Fire Magic
 18056 | Lair:4   | Reached skill level 4 in Polearms
 18156 | Lair:4   | You are sucked into a shaft and drop 1 floor!
 18156 | Lair:5   | Entered Level 5 of the Lair of Beasts
 18167 | Lair:5   | Reached skill level 8 in Dodging
 18167 | Lair:5   | Reached skill level 1 in Transmutations
 18208 | Lair:5   | Reached skill level 2 in Poison Magic
 18240 | Lair:5   | Reached skill level 8 in Air Magic
 18288 | Lair:5   | Identified a potion of resistance
 18320 | Lair:5   | Reached skill level 9 in Necromancy
 18320 | Lair:5   | Reached skill level 2 in Fire Magic
 18348 | Lair:5   | HP: 6/80 [poisoned by a black mamba]
 18349 | Lair:5   | Reached XP level 15. HP: 7/85 MP: 13/29
 18353 | Lair:5   | Reached skill level 9 in Conjurations
 18353 | Lair:5   | HP: 8/85 [poisoned by a black mamba]
 18356 | Lair:5   | HP: 3/85 [poisoned by a black mamba]
 18361 | Lair:5   | HP: 2/85 [poisoned by a black mamba]
 18475 | Lair:5   | Offered knowledge of Starburst by Vehumet.
 18689 | Lair:5   | Reached skill level 2 in Transmutations
 18841 | Lair:5   | Reached skill level 2 in Shields
 19055 | Lair:5   | Reached skill level 5 in Polearms
 19067 | Lair:5   | Reached skill level 3 in Fire Magic
 19318 | Lair:5   | Reached skill level 7 in Fighting
 19545 | Lair:5   | Found a viscous altar of Jiyva.
 19546 | Lair:5   | Found a staircase to the Slime Pits.
 19691 | Lair:5   | Reached skill level 3 in Poison Magic
 20369 | Lair:4   | Reached skill level 13 in Summonings
 20372 | Lair:4   | Offered knowledge of Ozocubu's Refrigeration by Vehumet.
 20562 | Lair:4   | Reached skill level 9 in Air Magic
 21521 | D:13     | Reached skill level 3 in Shields
 21521 | D:13     | Reached skill level 8 in Translocations
 21684 | D:13     | Reached skill level 4 in Fire Magic
 21693 | D:13     | Reached skill level 6 in Ice Magic
 22264 | D:14     | Noticed Rupert
 22293 | D:14     | Reached skill level 3 in Transmutations
 22566 | D:14     | Killed Rupert
 22591 | D:14     | Reached XP level 16. HP: 92/92 MP: 19/30
 23027 | D:14     | Reached skill level 4 in Poison Magic
 23257 | D:14     | Reached skill level 10 in Spellcasting
 23257 | D:14     | Reached skill level 10 in Conjurations
 23426 | D:14     | Reached skill level 6 in Polearms
 23593 | D:14     | Found a gate to the Vaults.
 23696 | D:15     | Entered Level 15 of the Dungeon
 23751 | D:15     | Found a gate leading to a gauntlet.
 23788 | Gauntlet | Entered a Gauntlet
 23788 | Gauntlet | Found a transporter.
 23788 | Gauntlet | Found a transporter.
 23788 | Gauntlet | Found a transporter.
 23838 | Gauntlet | Found a transporter.
 23838 | Gauntlet | Found a transporter.
 23838 | Gauntlet | Found a transporter.
 23848 | Gauntlet | Found a transporter.
 23852 | Gauntlet | Found a transporter.
 23854 | Gauntlet | Found a large runed translucent door.
 23855 | Gauntlet | Found a large runed translucent door.
 23856 | Gauntlet | Found a large runed translucent door.
 23856 | Gauntlet | Found a large runed translucent door.
 23856 | Gauntlet | Found a runed translucent door.
 23857 | Gauntlet | Found a large runed translucent door.
 23858 | Gauntlet | Found a large runed translucent door.
 23859 | Gauntlet | Found a large runed translucent door.
 23859 | Gauntlet | Found a large runed translucent door.
 23860 | Gauntlet | Found a runed translucent gate.
 23864 | Gauntlet | Found a transporter.
 23867 | Gauntlet | Found a runed translucent gate.
 23867 | Gauntlet | Found a transporter.
 23868 | Gauntlet | Found a runed translucent gate.
 23868 | Gauntlet | Found a runed translucent door.
 23871 | Gauntlet | Found a large runed translucent door.
 23871 | Gauntlet | Found a large runed translucent door.
 23872 | Gauntlet | Found a large runed translucent door.
 23873 | Gauntlet | Found a large runed translucent door.
 23882 | Gauntlet | Found a large runed translucent door.
 23882 | Gauntlet | Found a large runed translucent door.
 23883 | Gauntlet | Found a large runed translucent door.
 23884 | Gauntlet | Found a large runed translucent door.
 23886 | Gauntlet | Found a transporter.
 23890 | Gauntlet | Found a transporter.
 23904 | Gauntlet | Found the +3 salamander hide armour {Flames, rFlCloud rF++
                  | rC--}
 24050 | Gauntlet | Identified the ring "Jyfel" {rF++ rN+ SInv}
 24144 | Gauntlet | Identified the +7 quarterstaff "Atziug" {drain, Dex+3}
 24327 | D:15     | Found a staircase to the Depths.
 24404 | D:15     | Offered knowledge of Irradiate by Vehumet.
 24407 | D:15     | Reached skill level 10 in Necromancy
 24410 | D:15     | Reached skill level 7 in Evocations
 24427 | D:15     | Reached skill level 5 in Fire Magic
 24609 | D:15     | Identified a scroll of acquirement
 24616 | D:15     | Acquired 522 gold pieces
 24671 | D:15     | Learned a level 5 spell: Summon Mana Viper
 24822 | D:15     | Reached skill level 6 in Throwing
 25132 | Swamp:1  | Entered Level 1 of the Swamp
 26088 | Swamp:1  | Noticed Kirke
 26111 | Swamp:1  | Noticed a sphinx
 26550 | Swamp:1  | Reached skill level 10 in Air Magic
 26603 | Swamp:1  | Killed Kirke
 26604 | Swamp:1  | Reached skill level 4 in Transmutations
 26911 | Orc:1    | Entered Level 1 of the Orcish Mines
 27458 | Orc:2    | Entered Level 2 of the Orcish Mines
 27472 | Orc:1    | Reached skill level 7 in Polearms
 27826 | Orc:2    | Reached skill level 5 in Poison Magic
 27889 | Orc:2    | Reached XP level 17. HP: 77/97 MP: 16/32
 28022 | Orc:2    | Found a staircase to the Elven Halls.
 28450 | Orc:2    | Reached skill level 7 in Ice Magic
 28468 | Orc:2    | Reached ****** piety under Vehumet
 28493 | Orc:2    | Reached skill level 4 in Shields
 28500 | Orc:2    | Reached skill level 6 in Fire Magic
 28532 | Orc:2    | Offered knowledge of Iskenderun's Battlesphere by Vehumet.
 28671 | Orc:2    | Reached skill level 14 in Summonings
 28713 | Orc:2    | Found Cynabam's Magic Scroll Emporium.
 28713 | Orc:2    | Found Ujacwiom's Weapon Emporium.
 28714 | Orc:2    | Found Upsinlynn's Weapon Emporium.
 28714 | Orc:2    | Found Ompooga's Distillery.
 28721 | Orc:2    | Bought a scroll of acquirement for 832 gold pieces
 28721 | Orc:2    | Bought a scroll of fear for 64 gold pieces
 28721 | Orc:2    | Bought a scroll of torment for 152 gold pieces
 28721 | Orc:2    | Bought a scroll of teleportation for 48 gold pieces
 28721 | Orc:2    | Acquired the +1 ring mail "Udou" {Regen+}
 28729 | Orc:2    | Bought a potion of cancellation for 136 gold pieces
 28729 | Orc:2    | Bought a potion of invisibility for 136 gold pieces
 28729 | Orc:2    | Bought a potion of heal wounds for 85 gold pieces
 28729 | Orc:2    | Bought a potion of haste for 170 gold pieces
 28729 | Orc:2    | Bought a potion of curing for 51 gold pieces
 28729 | Orc:2    | Bought a potion of curing for 51 gold pieces
 28729 | Orc:2    | Bought 2 potions of curing for 102 gold pieces
 28729 | Orc:2    | Bought a potion of brilliance for 68 gold pieces
 29439 | Swamp:2  | Noticed Frances
 29463 | Swamp:2  | HP: 8/97 [alligator (8)]
 29470 | Swamp:2  | Slain by Frances

Vanquished Creatures
  A minotaur (Gauntlet)
  2 hydras
  An ice dragon (D:15)
  A rakshasa (D:14)
  3 ghost crabs
  An ogre mage (D:15)
  2 alligators (Swamp:2)
  2 catoblepae
  2 centaur warriors (D:15)
  8 boulder beetles
  8 two-headed ogres
  A hell hog (Lair:5)
  5 death yaks
  7 orc high priests
  3 skysharks
  A goliath frog (Swamp:2)
  2 bog bodies
  A swamp dragon (Swamp:2)
  A deep elf pyromancer (D:13)
  11 orc knights
  A deep elf zephyrmancer (D:12)
  An orc sorcerer (Volcano)
  8 ugly things
  8 oklob plants
  2 cyclopes (D:14)
  3 black mambas
  An eye of devastation (Gauntlet)
  8 elephants
  A gargoyle (D:12)
  A rime drake (Lair:5)
  2 efreet (D:14)
  5 cane toads
  5 komodo dragons
  2 ice devils (IceCv)
  Psyche (D:10)
  3 meliai
  2 trolls
  10 polar bears (Lair:5)
  A hellwing (Gauntlet)
  3 nameless horrors
  A tyrant leech (Swamp:1)
  2 hornets
  3 raiju (Lair:5)
  4 dream sheep (Lair:2)
  2 glass eyes (Gauntlet)
  A spectral dream sheep (Lair:2)
  20 blink frogs
  2 jumping spiders (Lair:3)
  A centaur simulacrum (D:14)
  7 slime creatures
  A spriggan (Swamp:1)
  5 wyverns
  14 yaks
  2 culicivoras (Lair:3)
  A hog (Swamp:1)
  A wraith (D:6)
  3 redbacks (Lair:3)
  6 basilisks
  A steam dragon (Lair:5)
  A spectral cane toad (Lair:2)
  5 vampire mosquitoes
  Edmund (D:6)
  6 wargs
  2 swamp worms (Swamp:1)
  Menkaure (D:7)
  2 acid dragons
  3 hydra simulacra (IceCv)
  11 water moccasins
  11 hell hounds
  29 orc warriors
  16 black bears
  An ice beast (D:5)
  8 ogres
  14 wolves
  6 centaurs
  2 phantoms (D:4)
  9 bullfrogs
  A gnoll sergeant (D:8)
  2 necrophages (Swamp:1)
  5 scorpions
  A killer bee (D:10)
  3 howler monkeys
  2 electric eels (Lair:5)
  A crimson imp (D:12)
  6 hounds
  A jelly (D:5)
  26 orc priests
  Ijyb (D:4)
  3 sleepcaps
  8 iguanas
  10 orc wizards
  12 gnolls
  7 adders
  2 white imps
  2 worms
  2 dart slugs
  44 orcs
  7 bats
  8 endoplasms
  3 giant cockroaches
  5 goblins
  8 hobgoblins
  2 jackals (D:4)
  4 quokkas
  7 ball pythons
  A frilled lizard (D:2)
  5 kobolds
  3 rats
  3 snaplasher vines
531 creatures vanquished.

Vanquished Creatures (collateral kills)
  Rupert (D:14)
  Gastronok (D:10)
  Kirke (Swamp:1)
  A reaper (Gauntlet)
  2 ice dragons
  2 ghost crabs (Swamp:1)
  A centaur warrior (D:15)
  2 hydras
  A boulder beetle (D:12)
  An ogre mage (D:15)
  5 two-headed ogres
  5 death yaks
  Urug (Lair:1)
  Sonja (Lair:4)
  A sun demon (Volcano)
  Lodul (D:10)
  2 swamp dragons
  2 bog bodies (Swamp:1)
  An orc knight (Orc:2)
  2 necromancers
  An orc sorcerer (Orc:2)
  A manticore (D:11)
  A wolf spider (Lair:1)
  12 ugly things
  A will-o-the-wisp (Swamp:1)
  3 kobold blastminers (Orc:2)
  9 elephants
  2 ice statues (IceCv)
  5 black mambas
  An unseen horror (D:11)
  A gargoyle (D:13)
  13 cane toads
  A komodo dragon (Lair:1)
  An efreet (D:13)
  An anaconda simulacrum (IceCv)
  4 ice devils (IceCv)
  A merfolk (D:12)
  A polar bear (Lair:5)
  A meliai (D:15)
  4 trolls
  A wolf spider simulacrum (D:14)
  Prince Ribbit (D:8)
  A hornet (Swamp:2)
  9 blink frogs
  A vampire (D:11)
  A jumping spider (Lair:3)
  4 shadows
  A centaur simulacrum (D:15)
  A spriggan (Swamp:2)
  5 wyverns
  2 dire elephant simulacra (IceCv)
  23 yaks
  2 wraiths
  2 basilisks
  A yak (shapeshifter) (D:14)
  3 hogs (Swamp:1)
  A steam dragon (Lair:5)
  2 wargs
  2 harpy simulacra (IceCv)
  6 vampire mosquitoes
  2 hydra simulacra (IceCv)
  3 swamp worms (Swamp:1)
  5 acid dragons
  4 hell hounds
  9 water moccasins
  16 orc warriors
  The ghost of wildpjah the Trooper, an amateur MiFi (D:3)
  2 ice beasts
  6 ogres
  16 wolves
  3 centaurs
  A spectral rime drake (Lair:2)
  A kobold brigand (D:8)
  7 bullfrogs
  2 necrophages (Swamp:1)
  A scorpion (D:6)
  5 killer bees (D:10)
  A nameless horror (D:11)
  2 electric eels (Lair:1)
  2 howler monkeys
  3 jellies
  10 orc priests
  Crazy Yiuf (D:6)
  3 hounds
  4 iguanas
  8 orc wizards
  3 troll simulacra (IceCv)
  The ghost of chickenman the Shield-Bearer, a weakling TrFi (D:3)
  A gnoll (D:8)
  2 shadow imps (Gauntlet)
  5 white imps
  2 ufetubi (D:6)
  A dart slug (D:1)
  40 orcs
  A goblin (D:3)
  A kobold (D:8)
  A frilled lizard (D:1)
  A rat (D:1)
344 creatures vanquished.

Vanquished Creatures (others)
  A bloated husk (Swamp:1)
  A tyrant leech (Swamp:2)
  A hog (Swamp:1)
  An orc warrior (Orc:2)
  An orc (Orc:2)
  2 foxfires (Swamp:1)
  16 snaplasher vines
23 creatures vanquished.

Grand Total: 898 creatures vanquished

Table legend: (Time is in decaauts)
 A = Elapsed time spent in this place.
 B = Non-inter-level travel time spent in this place.
 C = Inter-level travel time spent in this place.
 D = Time resting spent in this place.
 E = Time spent auto-exploring this place.
 F = Levels seen in this place.
 G = Mean time per level.
                   A        B        C        D        E       F      G
               +--------+--------+--------+--------+--------+-----+--------+
         Total |  29782 |  27632 |   2150 |   1673 |  18833 |  28 | 1063.6 |
       Dungeon |  16293 |  15000 |   1293 |    480 |  11018 |  15 | 1086.2 |
        Temple |     20 |     11 |      9 |      0 |      0 |   1 |   20.0 |
          Lair |   8344 |   7747 |    597 |    441 |   5276 |   5 | 1668.8 |
         Swamp |   1750 |   1654 |     96 |    344 |   1008 |   2 |  875.0 |
  Orcish Mines |   2217 |   2065 |    152 |    265 |   1214 |   2 | 1108.5 |
      Ice Cave |    600 |    600 |      0 |    136 |    145 |   1 |  600.0 |
       Volcano |    166 |    166 |      0 |      0 |      0 |   1 |  166.0 |
      Gauntlet |    388 |    388 |      0 |      7 |    172 |   1 |  388.0 |
               +--------+--------+--------+--------+--------+-----+--------+

Top non-repeatable levels by time:
  Lair:5: 2158 daAuts
  Lair:1: 1816 daAuts
     D:8: 1767 daAuts
  Lair:2: 1659 daAuts
 Swamp:1: 1596 daAuts
  Lair:3: 1506 daAuts
    D:11: 1458 daAuts
    D:14: 1417 daAuts
     D:6: 1397 daAuts
     D:7: 1321 daAuts
     D:5: 1204 daAuts
  Lair:4: 1203 daAuts
   Orc:1: 1185 daAuts
     D:9: 1166 daAuts
    D:10: 1082 daAuts

Table legend:
 A = Non-vault XP
 B = Vault XP
 C = Vault XP percentage of total XP
 D = Non-vault monster count
 E = Vault monster count
 F = Vault count percentage of total count
                 A         B        C        D         E       F
            +---------+---------+-------+---------+---------+-------
      Total |  111064 |   89682 |  44.7 |     508 |     362 |  41.6
            +---------+---------+-------+---------+---------+-------
        D:1 |      25 |       0 |   0.0 |      13 |       0 |   0.0
        D:2 |      59 |       0 |   0.0 |      19 |       0 |   0.0
        D:3 |      87 |     154 |  63.9 |      19 |       2 |   9.5
        D:4 |     549 |      39 |   6.6 |      24 |       1 |   4.0
        D:5 |     557 |     640 |  53.5 |      15 |      14 |  48.3
        D:6 |     850 |     314 |  27.0 |      17 |       6 |  26.1
        D:7 |    1400 |     154 |   9.9 |      21 |       1 |   4.5
        D:8 |    1899 |    4300 |  69.4 |      24 |       6 |  20.0
        D:9 |    1060 |       0 |   0.0 |      17 |       0 |   0.0
       D:10 |    3852 |    3577 |  48.1 |      15 |      11 |  42.3
       D:11 |    5197 |     691 |  11.7 |      27 |      17 |  38.6
       D:12 |    3810 |     937 |  19.7 |      14 |       4 |  22.2
       D:13 |    5273 |     217 |   4.0 |      13 |       1 |   7.1
       D:14 |    9975 |    6407 |  39.1 |      16 |      13 |  44.8
       D:15 |   19133 |    1707 |   8.2 |      39 |       2 |   4.9
     Lair:1 |    4117 |    5510 |  57.2 |      22 |      25 |  53.2
     Lair:2 |    6026 |    4646 |  43.5 |      29 |      13 |  31.0
     Lair:3 |    6535 |    2820 |  30.1 |      16 |      12 |  42.9
     Lair:4 |    8627 |    3866 |  30.9 |      30 |       8 |  21.1
     Lair:5 |   16784 |   19216 |  53.4 |      42 |      88 |  67.7
    Swamp:1 |    4060 |    6259 |  60.7 |      13 |      14 |  51.9
    Swamp:2 |    3666 |       0 |   0.0 |       7 |       0 |   0.0
      Orc:1 |    3285 |    1962 |  37.4 |      23 |       9 |  28.1
      Orc:2 |    4238 |   12960 |  75.4 |      33 |      75 |  69.4
      IceCv |       0 |    6161 | 100.0 |       0 |      24 | 100.0
    Volcano |       0 |    3265 | 100.0 |       0 |       6 | 100.0
   Gauntlet |       0 |    3880 | 100.0 |       0 |      10 | 100.0
            +---------+---------+-------+---------+---------+-------
